 Dungeon Sprint DCSS version 0.21.1-1-g345015f (webtiles) character file.

17796 Psiloshibe the Warrior (level 12, -21/119 HPs)
             Began as a Barachi Berserker on May 28, 2018.
             Was the Champion of Trog.
             Killed from afar by a frost giant (30 damage)
             ... with a bolt of cold
             ... in the Dungeon (Sprint IX: "|||||||||||||||||||||||||||||").
             The game lasted 00:14:22 (2424 turns).

Psiloshibe the Warrior (Barachi Berserker)          Turns: 2424, Time: 00:14:23

Health: -21/119    AC: 19    Str: 24    XL:     12   Next: 51%
Magic:  14/14      EV: 15    Int:  7    God:    Trog [******]
Gold:   1829       SH: 14    Dex: 18    Spells: 11/11 levels left

rFire    . . .     SeeInvis .   a - +2 scimitar "Veodgh" {elec, Str+3}
rCold    . . .     Gourm    .   J - +1 large shield
rNeg     . . .     Faith    .   B - +2 swamp dragon scales
rPois    +         Spirit   .   (no helmet)
rElec    .         Reflect  .   p - +0 cloak
rCorr    .         Harm     .   I - +1 pair of gloves
MR       ++...     NoTele   +   (no boots)
Stlth    ++++......             (no amulet)
HPRegen  1.29/turn              r - +2 ring of evasion
MPRegen  0.14/turn              s - +3 ring of dexterity

@: regenerating, slow
A: +LOS, swims, slowness 1, strong legs 1
a: Hop, Berserk, Trog's Hand, Brothers in Arms, Burn Spellbooks, Renounce
Religion


You were in the Dungeon.
You worshipped Trog.
Trog was exalted by your worship.
You were not hungry.

You visited 1 branch You collected 1925 gold pieces.
You spent 96 gold pieces at shops.

Inventory:

Hand Weapons
 a - the +2 scimitar "Veodgh" (weapon) {elec, Str+3}
   (You found it in the Dungeon)

   Occasionally, upon striking a foe, it will discharge some electrical energy
   and cause terrible harm.
   It affects your strength (+3).
 b - a +2 rapier of venom
 z - a +4 antimagic great sword
 C - the +5 long sword of Famine {slice, +Fly rElec rPois rF++ Int-2}
   (Trog gifted it to you in the Dungeon)

   It inflicts extra damage upon your enemies.
   It affects your intelligence (-2).
   It greatly protects you from fire.
   It insulates you from electricity.
   It protects you from poison.
   It lets you fly.
 D - a +3 great sword of flaming
 E - a +4 antimagic triple sword
 F - a +6 antimagic long sword
Missiles
 y - a steel javelin (quivered)
 A - 8 tomahawks of returning
Armour
 p - a +0 cloak (worn)
 B - +2 swamp dragon scales (worn)
 I - a +1 pair of gloves (worn)
 J - a +1 large shield (worn)
Jewellery
 r - a +2 ring of evasion (left hand)
 s - a +3 ring of dexterity (right hand)
 t - the ring of the Ant {Int+2 Stlth+}
   (You found it in the Dungeon)

   [ring of stealth]

   It affects your intelligence (+2).
   It makes you more stealthy.
 G - an uncursed ring of ice
 H - an uncursed ring of positive energy
Wands
 l - a wand of acid (5)
Scrolls
 i - 2 scrolls of blinking
 k - 4 scrolls of remove curse
 u - 2 scrolls of enchant armour
 v - 6 scrolls of enchant weapon
 w - 3 scrolls of identify
 x - a scroll of fear
Potions
 d - 6 potions of curing
 e - 12 potions of heal wounds
 f - a potion of haste
 g - 4 potions of magic
 h - a potion of berserk rage
 j - a potion of invisibility
 m - a potion of resistance
 n - 3 potions of brilliance
Comestibles
 c - 12 rations


   Skills:
 * Level 19.1 Fighting
 + Level 17.1 Long Blades
 * Level 11.1 Throwing
 * Level 17.3 Armour
 + Level 8.6 Dodging
 * Level 9.9 Stealth
 + Level 0.2 Shields
 + Level 2.9 Evocations


You had 11 spell levels left.
You didn't know any spells.

Dungeon Overview and Level Annotations

Branches:
Dungeon (1/1)

Altars:
Cheibriados
Dithmenos
Elyvilon
Fedhas
Gozag
Hepliaklqana
Kikubaaqudgha
Makhleb
Nemelex Xobeh
Okawaru
Qazlal
Ru
Sif Muna
Trog
Uskayaw
Vehumet
Wu Jian
Xom
Yredelemnul
Zin
The Shining One
Beogh
Jiyva
Lugonu

Shops:
D [!!*


Innate Abilities, Weirdness & Mutations

Shadows flee at your approach. (+LOS)
You can swim through water.
You cover ground slowly.
You can hop short distances.


Message History

Throwing (i - inventory. (,) - cycle):
y - 3 steel javelins (quivered)
Press: ? - help, Shift-Dir - straight line, f - frost giant
Aim: a frost giant, wielding a battleaxe of freezing You throw a steel javelin.
The steel javelin hits the frost giant!!!
The frost giant is moderately wounded.
A vampire mage comes into view.
Throwing (i - inventory. (,) - cycle):
y - 2 steel javelins (quivered)
Press: ? - help, Shift-Dir - straight line, f/p - frost giant
Aim: a frost giant, wielding a battleaxe of freezing (moderately wounded)
You throw a steel javelin. The steel javelin hits the frost giant!
The frost giant is heavily wounded.
The frost giant casts a spell at you. The bolt of cold hits you!
The frost giant points at you and mumbles some strange words.
The bolt of cold hits you!
* * * LOW HITPOINT WARNING * * *
The frost giant gestures at you while chanting.
The bolt of cold hits you!
You die...

▓Z▓.▓∩▓.▓.▓.▓÷▓
▓Z▓.▓)▓.▓.▓.▓(▓
▓V▓.▓∩▓.▓.▓.▓[▓
▓F▓.▓.▓.▓.▓.▓.▓
▓u▓.▓∩▓.▓.▓.▓.▓
▓F▓.▓.▓.▓.▓.▓.▓
▓o▓.▓∩▓.▓.▓.▓.▓
▓C▓.▓.▓.▓.▓.▓)▓
▓@▓.▓.▓.▓.▓.▓|▓
▓)▓.▓)▓.▓.▓.▓?▓
▓'▓.▓)▓.▓.▓.▓.▓
▓.▓.▓)▓.▓'▓.▓'▓
▓.▓.▓)▓.▓.▓.▓_▓
▓.▓.▓.▓.▓.▓.▓_▓
▓.▓.▓)▓.▓.▓.▓_▓
▓.▓.▓.▓.▓.▓.▓_▓
▓.▓.▓.▓.▓.▓.▓_▓


You could see a frost giant, a brown ugly thing, a vampire mage, an orc warrior,
2 bullfrogs, a leopard gecko zombie and a jackal skeleton.

Vanquished Creatures
  6 ogre magi (D)
  A death knight (D)
  A catoblepas (D)
  3 two-headed ogres (D)
  4 death yaks (D)
  2 orc knights (D)
  A manticore (D)
  An elephant (D)
  2 black mambas (D)
  A gargoyle (D)
  2 spiny frogs (D)
  A komodo dragon (D)
  A troll (D)
  A blink frog (D)
  A hippogriff (D)
  A yak (D)
  A basilisk (D)
  4 porcupines (D)
  13 orc warriors (D)
  6 ogres (D)
  A centaur (D)
  A crocodile (D)
  3 crimson imps (D)
  A hound (D)
  2 orc priests (D)
  A jelly (D)
  4 orc wizards (D)
  2 worker ants (D)
  A gnoll (D)
  6 orcs (D)
  A goblin (D)
  A hobgoblin (D)
  A ball python (D)
  A giant cockroach zombie (D)
  A jackal skeleton (D)
  2 kobolds (D)
  A quokka skeleton (D)
83 creatures vanquished.

Vanquished Creatures (collateral kills)
  A catoblepas (D)
  A death yak (D)
  A spiny frog (D)
  A komodo dragon (D)
  A bullfrog (D)
5 creatures vanquished.

Vanquished Creatures (others)
  A catoblepas (D)
1 creature vanquished.

Grand Total: 89 creatures vanquished

Notes
Turn   | Place    | Note
-------+----------+-------------------------------------------
     0 | D        | Psiloshibe the Barachi Berserker began the quest for the Orb.
     0 | D        | Reached XP level 1. HP: 18/18 MP: 1/1
     8 | D        | Reached skill level 4 in Fighting
    14 | D        | Reached ** piety under Trog
   223 | D        | Noticed a worker ant
   223 | D        | Noticed a crimson imp
   223 | D        | Noticed an orc wizard
   228 | D        | Killed an orc wizard
   228 | D        | Reached *** piety under Trog
   228 | D        | Reached skill level 6 in Fighting
   228 | D        | Reached skill level 5 in Long Blades
   228 | D        | Reached XP level 2. HP: 28/28 MP: 2/2
   228 | D        | Reached XP level 3. HP: 34/34 MP: 3/3
   235 | D        | Reached XP level 4. HP: 41/41 MP: 4/4
   242 | D        | Reached skill level 7 in Fighting
   249 | D        | Reached **** piety under Trog
   278 | D        | Found a roughly hewn altar of Beogh.
   278 | D        | Found a snail-covered altar of Cheibriados.
   278 | D        | Found a shadowy altar of Dithmenos.
   278 | D        | Found a white marble altar of Elyvilon.
   278 | D        | Found a blossoming altar of Fedhas.
   278 | D        | Found an opulent altar of Gozag.
   278 | D        | Found a hazy altar of Hepliaklqana.
   279 | D        | Found a viscous altar of Jiyva.
   280 | D        | Found an ancient bone altar of Kikubaaqudgha.
   281 | D        | Found a corrupted altar of Lugonu.
   282 | D        | Found a burning altar of Makhleb.
   283 | D        | Found a sparkling altar of Nemelex Xobeh.
   284 | D        | Found an iron altar of Okawaru.
   285 | D        | Found a stormy altar of Qazlal.
   286 | D        | Found a sacrificial altar of Ru.
   287 | D        | Found a deep blue altar of Sif Muna.
   288 | D        | Found a bloodstained altar of Trog.
   289 | D        | Found a hide-covered altar of Uskayaw.
   290 | D        | Found a radiant altar of Vehumet.
   291 | D        | Found an ornate altar of the Wu Jian Council.
   292 | D        | Found a shimmering altar of Xom.
   293 | D        | Found a basalt altar of Yredelemnul.
   294 | D        | Found a glowing silver altar of Zin.
   295 | D        | Found a glowing golden altar of the Shining One.
   313 | D        | Got the +2 scimitar "Veodgh" {elec, Str+3}
   392 | D        | Noticed a gargoyle
   400 | D        | Reached skill level 8 in Fighting
   400 | D        | Reached skill level 1 in Throwing
   400 | D        | Reached XP level 5. HP: 35/49 MP: 5/5
   406 | D        | Reached skill level 9 in Fighting
   406 | D        | Reached skill level 1 in Stealth
   409 | D        | Killed a gargoyle
   409 | D        | Reached ***** piety under Trog
   409 | D        | Reached skill level 11 in Fighting
   409 | D        | Reached skill level 10 in Long Blades
   409 | D        | Reached skill level 5 in Dodging
   409 | D        | Reached XP level 6. HP: 32/62 MP: 6/6
   409 | D        | Reached XP level 7. HP: 36/68 MP: 7/7
   524 | D        | Noticed a troll
   524 | D        | Noticed a manticore
   539 | D        | Killed a manticore
   539 | D        | Reached skill level 12 in Fighting
   539 | D        | Reached skill level 5 in Throwing
   539 | D        | Reached XP level 8. HP: 59/78 MP: 8/8
   541 | D        | Received a gift from Trog
   548 | D        | Reached skill level 13 in Fighting
   551 | D        | Killed a troll
   689 | D        | Got the ring of the Ant {Int+2 Stlth+}
   702 | D        | Noticed an elephant
   702 | D        | Noticed a black mamba
   702 | D        | Noticed a spiny frog
   702 | D        | Noticed a komodo dragon
   702 | D        | Noticed a hippogriff
   707 | D        | Killed a hippogriff
   711 | D        | Noticed a yak
   717 | D        | Killed a komodo dragon
   717 | D        | Reached XP level 9. HP: 25/86 MP: 9/9
   983 | D        | Killed a spiny frog
   983 | D        | Received a gift from Trog
   983 | D        | Reached skill level 14 in Fighting
   990 | D        | Killed a black mamba
   997 | D        | Killed an elephant
   997 | D        | Reached skill level 10 in Armour
  1012 | D        | Received a gift from Trog
  1018 | D        | Reached skill level 5 in Stealth
  1121 | D        | Noticed a black mamba
  1121 | D        | Noticed a spiny frog
  1126 | D        | Noticed a komodo dragon
  1134 | D        | Killed a spiny frog
  1134 | D        | Reached XP level 10. HP: 83/95 MP: 10/10
  1136 | D        | Noticed a spiny frog
  1141 | D        | Killed a black mamba
  1141 | D        | Reached skill level 15 in Fighting
  1152 | D        | Killed a spiny frog
  1332 | D        | Noticed a death yak
  1332 | D        | Noticed a death yak
  1332 | D        | Noticed a death yak
  1332 | D        | Noticed a catoblepas
  1332 | D        | Noticed a catoblepas
  1332 | D        | Noticed a catoblepas
  1332 | D        | Noticed a death yak
  1348 | D        | Killed a death yak
  1387 | D        | Noticed a death yak
  1388 | D        | Killed a catoblepas
  1388 | D        | Reached skill level 15 in Long Blades
  1424 | D        | Killed a catoblepas
  1437 | D        | Killed a catoblepas
  1437 | D        | Reached skill level 16 in Fighting
  1437 | D        | Reached skill level 1 in Evocations
  1441 | D        | Killed a death yak
  1441 | D        | Reached XP level 11. HP: 51/104 MP: 10/12
  1446 | D        | Killed a death yak
  1453 | D        | Killed a death yak
  1465 | D        | Killed a death yak
  1872 | D        | Noticed an orc knight
  1881 | D        | Killed an orc knight
  1881 | D        | Received a gift from Trog
  1881 | D        | Reached skill level 15 in Armour
  1895 | D        | Received a gift from Trog
  1917 | D        | Received a gift from Trog
  1917 | D        | Reached ****** piety under Trog
  1980 | D        | Noticed an orc knight
  1985 | D        | Received a gift from Trog
  1985 | D        | Reached skill level 17 in Fighting
  2012 | D        | Killed an orc knight
  2012 | D        | Reached skill level 10 in Throwing
  2015 | D        | Got a fine long sword {god gift}
  2069 | D        | Identified the +5 long sword of Famine {slice, +Fly rElec rPois rF++ Int-2} (Trog gifted it to you in the Dungeon)
  2083 | D        | Found Ynaaguck's General Store.
  2083 | D        | Noticed an ogre mage
  2083 | D        | Noticed an ogre mage
  2083 | D        | Noticed an ogre mage
  2087 | D        | Noticed an ogre mage
  2089 | D        | Killed an ogre mage
  2089 | D        | Received a gift from Trog
  2090 | D        | Killed an ogre mage
  2091 | D        | Found Ninneur's Distillery.
  2091 | D        | Noticed a two-headed ogre
  2098 | D        | Noticed an ogre mage
  2104 | D        | Killed an ogre mage
  2104 | D        | Reached XP level 12. HP: 116/116 MP: 13/13
  2109 | D        | Found Xiatam's Distillery.
  2115 | D        | Killed an ogre mage
  2115 | D        | Received a gift from Trog
  2115 | D        | Reached skill level 18 in Fighting
  2117 | D        | Killed a two-headed ogre
  2126 | D        | Killed an ogre mage
  2156 | D        | Found Ifaoxiu's Armour Shop.
  2160 | D        | Noticed a two-headed ogre
  2163 | D        | Noticed an ogre mage
  2163 | D        | Bought a potion of heal wounds for 60 gold pieces
  2163 | D        | Bought a potion of curing for 36 gold pieces
  2166 | D        | Killed a two-headed ogre
  2176 | D        | Killed an ogre mage
  2176 | D        | Received a gift from Trog
  2402 | D        | Noticed a death knight
  2402 | D        | Noticed a two-headed ogre
  2404 | D        | Noticed a frost giant
  2409 | D        | Killed a two-headed ogre
  2421 | D        | Killed a death knight
  2421 | D        | Reached skill level 19 in Fighting
  2423 | D        | Noticed a vampire mage
  2424 | D        | Killed from afar by a frost giant

Skill      XL: |  1  2  3  4  5  6  7  8  9 10 11 12 |
---------------+-------------------------------------+-----
Fighting       | 6 8 11 12 13 14 16 17 19 | 19.1
Long Blades    | 5 6 8 10 11 12 14 15 16 17 | 17.1
Armour         | 3 4 6 7 8 11 13 16 17 | 17.3
Dodging        | 3 4 5 6 7 8 |  8.6
Throwing       | 1 4 5 6 7 9 10 11 | 11.1
Stealth        | 1 2 3 5 7 9 |  9.9
Evocations     | 1 2 |  2.9
Shields        | |  0.2

Action                   |  1- 3 |  4- 6 |  7- 9 | 10-12 || total
-------------------------+-------+-------+-------+-------++-------
Melee: Falchion          |    26 |    14 |       |       ||    40
       Scimitar          |       |    13 |    62 |   219 ||   294
Throw: Javelin           |       |       |     6 |     5 ||    11
Invok: Berserk           |     1 |     1 |     1 |     1 ||     4
       Trog's Hand       |       |     1 |     4 |     7 ||    12
       Brothers in Arms  |       |       |     2 |     3 ||     5
 Abil: Hop               |       |       |     1 |     2 ||     3
Evoke: Wand              |       |       |     1 |     4 ||     5
 Stab: Distracted        |       |       |       |     1 ||     1
  Eat: Chunk             |       |       |     5 |    10 ||    15
Armor: Animal skin       |     2 |       |       |       ||     2
       Chain mail        |       |     2 |    21 |    49 ||    72
       Swamp dragon scal |       |       |       |     1 ||     1
Dodge: Dodged            |    17 |     9 |    33 |    91 ||   150
Block: Large shield      |       |       |       |    11 ||    11
       Rpst.: Falchion   |     6 |     1 |       |       ||     7
       Scimitar          |       |       |     4 |    21 ||    25
